 Dungeon Crawl Stone Soup version 0.29.1-12-g30fa7ad0bf (webtiles) character file.

Game seed: 6387308740645242727

78 112233 the Grave Robber (level 4, -1/30 HPs)
             Began as a Mummy Necromancer on Dec 17, 2022.
             Was a Follower of Cheibriados.
             Slain by a phantom (7 damage)
             ... on level 4 of the Dungeon.
             The game lasted 00:01:17 (1188 turns).

112233 the Grave Robber (Mummy Necromancer)         Turns: 1188, Time: 00:01:18

Health: -1/30      AC:  3    Str: 14    XL:     4   Next: 15%
Magic:  6/8        EV: 12    Int: 19    God:    Cheibriados [*.....]
Gold:   30         SH:  0    Dex: 15    Spells: 7/8 levels left

rFire   x . .      SeeInvis .   i - +0 spear
rCold   + . .      Faith    .   (no shield)
rNeg    + + +      Spirit   .   a - +0 robe
rPois   ∞          Reflect  .   (no helmet)
rElec   .          Harm     .   h - +0 cloak
rCorr   .          Rampage  .   (no gloves)
Will    .....                   (no boots)
Stlth   ++........              (no amulet)
HPRegen 0.10/turn               (no ring)
MPRegen 0.11/turn               (no ring)

@: very slow
A: cold resistance 1, negative energy resistance 3, torment resistance 2, heat
vulnerability 1, in touch with death 1, no potions
a: Renounce Religion, Bend Time


You were on level 4 of the Dungeon.
You worshipped Cheibriados.
Cheibriados was aware of your devotion.
You visited 1 branch of the dungeon, and saw 4 of its levels.

You collected 30 gold pieces.

Inventory:

Hand Weapons
 i - a +0 spear (weapon)
Missiles
 g - a throwing net
Armour
 a - a +0 robe (worn)
 h - a +0 cloak (worn)
Scrolls
 b - a scroll of enchant armour {unknown}
 c - 2 scrolls of identify {unknown}
 d - a scroll of noise {unknown}
 e - a scroll of enchant weapon {unknown}
 f - a scroll of blinking {unknown}


   Skills:
 - Level 1.6 Dodging
 - Level 1.6 Stealth
 - Level 2.7 Spellcasting
 + Level 5.7 Necromancy


You had 7 spell levels left.
You knew the following spells:

 Your Spells              Type           Power      Damage    Failure   Level
a - Necrotise             Necr           100%       1d9       1%          1

Your spell library contained the following spells:

 Spells                   Type           Power      Damage    Failure   Level
 Vampiric Draining        Necr           36%        2d8       4%          3
 Summon Small Mammal      Summ           8%         N/A       16%         1
 Animate Dead             Necr           36%        N/A       16%         4
 Agony                    Necr           36%        N/A       38%         5
 Call Canine Familiar     Summ           2%         N/A       43%         3
 Summon Guardian Golem    Hex/Summ       2%         N/A       43%         3


Dungeon Overview and Level Annotations

Branches:
Dungeon (4/15)
 Temple: D:4-7

Altars:
Cheibriados


Innate Abilities, Weirdness & Mutations

You are immune to poison.
Your flesh is cold resistant. (rC+)
You are immune to negative energy. (rN+++)
You are immune to unholy pain and torment.
You are vulnerable to heat. (rF-)
You are in touch with the powers of death.
You do not drink.


Message History

The phantom hits you but does no damage.
Casting: Necrotise (safe; 1% risk of failure)
Confirm with . or Enter, or press ? or * to list all spells.
You don't know that spell.
Unknown command.
The phantom attacks as you move away! The phantom misses you.
The phantom closely misses you.
Your kobold skeleton closely misses the phantom.
The phantom attacks as you move away! The phantom barely misses you.
The giant cockroach bites you but does no damage.
An orc comes into view. It is wielding a +0 hand axe.
The giant cockroach bites you.
Your kobold skeleton barely misses the phantom.
Casting: Necrotise (safe; 1% risk of failure)
Confirm with . or Enter, or press ? or * to list all spells.
You don't know that spell.
Unknown command.
Casting: Necrotise (safe; 1% risk of failure)
Confirm with . or Enter, or press ? or * to list all spells.
You don't know that spell.
Unknown command.
Casting: Necrotise (safe; 1% risk of failure)
Confirm with . or Enter, or press ? or * to list all spells.
You don't know that spell.
The phantom hits you. The giant cockroach misses you.
Your kobold skeleton completely misses the phantom.
The phantom hits you but does no damage.
The orc barely misses you. The giant cockroach barely misses you.
Unknown command.
You hit the giant cockroach.
You kill the giant cockroach!
Cheibriados appreciates the change of pace.
Your kobold skeleton barely misses the phantom.
The orc hits you with a +0 hand axe.
* * * LOW HITPOINT WARNING * * *
The phantom barely misses you. The orc hits you with a +0 hand axe.
* * * LOW HITPOINT WARNING * * *
The phantom hits you!
You die...

#.... #.... ####..... .
#.... #.......##. ###....
#.......#.. #......
#.......#..
#......########.......#.#
#......o..##..........#.#
#.......@.............#..
#.......W................
#.......Z................
#.........####...........
#######...# #........!..
#...# #).......... #...#
#.(......... ....#
#........... ...###
#..!........


You could see a phantom (ally target), an orc and a friendly kobold skeleton.

Vanquished Creatures
  An iguana (D:4)
  2 adders (D:2)
  A worm (D:2)
  2 dart slugs
  A bat (D:1)
  3 endoplasms
  4 giant cockroaches
  4 goblins
  A hobgoblin (D:2)
  3 kobolds
  2 frilled lizards (D:2)
  A rat (D:2)
25 creatures vanquished.

Notes
Turn   | Place    | Note
-------+----------+-------------------------------------------
     0 | D:1      | 112233 the Mummy Necromancer began the quest for the Orb.
     0 | D:1      | Reached XP level 1. HP: 13/13 MP: 4/4
   281 | D:1      | Reached XP level 2. HP: 17/19 MP: 1/5
   415 | D:2      | Found a faded altar of an unknown god.
   420 | D:2      | Prayed at the altar of an unknown god.
   420 | D:2      | Became a worshipper of Cheibriados the Contemplative
   420 | D:2      | Reached * piety under Cheibriados
   569 | D:2      | Gained mutation: You are in touch with the powers of death.
                  | [Mummy growth]
   569 | D:2      | Reached XP level 3. HP: 24/24 MP: 2/7
   668 | D:2      | Reached skill level 5 in Necromancy
  1156 | D:4      | Noticed a phantom
  1161 | D:4      | Reached XP level 4. HP: 30/30 MP: 3/8
  1188 | D:4      | Slain by a phantom

Illustrated notes

Levels and vault maps discovered:
D:1:      dpeg_arrival_stonehenge_8_columns, layout_basic, st_stairs_13
D:2:      layout_loops_ring, basic_ecumenical_altar, dk_vineyard_1
D:3:      layout_loops_ring
D:4:      layout_basic, cheibrodos_ashenzari_chains, minmay_starry_boxes,
          uniq_natasha

Skill      XL: |  1  2  3 |
---------------+----------+-----
Necromancy     | 5 |  5.7
Dodging        | |  1.6
Stealth        | |  1.6
Spellcasting   | |  2.7

Action                   |  1- 3 |  4- 6 || total
-------------------------+-------+-------++-------
Melee: Unarmed           |     5 |     1 ||     6
       Spear             |       |     1 ||     1
 Cast: Necrotise         |    48 |     1 ||    49
 Stab: Sleeping          |     1 |       ||     1
Armor: Robe              |     2 |    10 ||    12
Dodge: Dodged            |     8 |    15 ||    23
